[ AOE2 MATCH · #513764049 ]
UnrankedDravidians vs Persians
Rival team · LOSS
[ REPLAY ANALYSIS · EXTRACTED FROM THE RECORDED GAME ]
Feudal
8:56
Castle
—
Imperial
—
| APM avg | 40.4 |
| APM peak | 69 |
| eAPM avg | 17.5 |
| Villagers / military | 38 / 0 |
Focus
⚔️ 45.9% · 🌾 54.1%
Feudal
—
Castle
—
Imperial
—
| APM avg | 54.6 |
| APM peak | 100 |
| eAPM avg | 19.9 |
| Villagers / military | 37 / 0 |
Focus
⚔️ 21.5% · 🌾 78.5%
Match map
Initial resources + every placement click. Lines = walls · curves = elevation contours. ◆ gold · ⬟ stone · ● berries · ✦ relic · ◌ wall gap
Your base· Open — 4t gap
NoLamePlease's base· Open — unwalled flank
Smoothed initial terrain · ◌ = detected wall gap · hover for details
Inputs per minute
— BatDongSan - - NoLamePlease
Build order — BatDongSan
115 actions detected in the replay
| 0:01 | Queue | Villager (Male) |
| 0:01 | Queue | Villager (Male) |
| 0:02 | Build | House |
| 0:04 | Build | House |
| 0:07 | Queue | Villager (Male) |
| 0:07 | Queue | Villager (Male) |
| 1:26 | Queue | Villager (Male) |
| 1:26 | Queue | Villager (Male) |
| 1:49 | Build | Lumber Camp |
| 1:53 | Queue | Villager (Male) |
| 1:53 | Queue | Villager (Male) |
| 2:34 | Queue | Villager (Male) |
| 2:34 | Queue | Villager (Male) |
| 2:54 | Queue | Villager (Male) |
| 2:55 | Queue | Villager (Male) |
| 3:18 | Queue | Villager (Male) |
| 3:19 | Queue | Villager (Male) |
| 3:30 | Build | House |
| 3:44 | Queue | Villager (Male) |
| 3:44 | Queue | Villager (Male) |
| 3:44 | Queue | Villager (Male) |
| 4:16 | Queue | Villager (Male) |
| 4:17 | Queue | Villager (Male) |
| 5:07 | Build | Mill |
| 5:19 | Queue | Villager (Male) |
| 5:45 | Queue | Villager (Male) |
| 5:45 | Queue | Villager (Male) |
| 5:45 | Queue | Villager (Male) |
| 5:56 | Queue | Villager (Male) |
| 6:15 | Research | Loom |
| 6:46 | Research | Feudal Age |
| 6:46 | Research | Feudal Age |
| 7:25 | Build | Palisade Wall |
| 7:29 | Build | Palisade Wall |
| 7:31 | Build | Palisade Wall |
| 7:34 | Build | Palisade Wall |
| 7:35 | Build | Palisade Wall |
| 7:37 | Build | Palisade Wall |
| 7:40 | Build | Palisade Wall |
| 7:43 | Build | Palisade Wall |
| 7:45 | Build | Palisade Wall |
| 7:47 | Build | Palisade Wall |
| 7:49 | Build | Palisade Wall |
| 7:50 | Build | Palisade Wall |
| 7:52 | Build | Palisade Wall |
| 7:54 | Build | Palisade Wall |
| 7:57 | Build | Palisade Wall |
| 8:02 | Build | Palisade Wall |
| 8:04 | Build | Palisade Wall |
| 8:06 | Build | Palisade Wall |
| 8:08 | Build | Palisade Wall |
| 8:11 | Queue | Villager (Male) |
| 8:16 | Build | House |
| 8:20 | Build | Palisade Wall |
| 8:25 | Build | Palisade Wall |
| 8:26 | Build | Palisade Wall |
| 8:27 | Build | Palisade Wall |
| 8:34 | Build | House |
| 8:38 | Build | Palisade Wall |
| 8:41 | Build | House |
| 8:56 | Age | Feudal Age |
| 8:59 | Queue | Villager (Male) |
| 9:00 | Queue | Villager (Male) |
| 9:04 | Build | Watch Tower |
| 9:15 | Build | Palisade Wall |
| 9:16 | Build | Palisade Wall |
| 9:18 | Build | Palisade Wall |
| 9:20 | Build | Palisade Wall |
| 9:21 | Build | Palisade Wall |
| 9:23 | Build | Palisade Wall |
| 9:25 | Build | Palisade Wall |
| 9:44 | Queue | Villager (Male) |
| 10:02 | Build | Lumber Camp |
| 10:22 | Queue | Villager (Male) |
| 10:22 | Queue | Villager (Male) |
| 11:40 | Queue | Villager (Male) |
| 11:40 | Queue | Villager (Male) |
| 11:44 | Build | House |
| 11:47 | Build | House |
| 11:52 | Build | Palisade Wall |
| 11:57 | Build | House |
| 12:01 | Build | House |
| 12:04 | Build | House |
| 12:08 | Build | Palisade Wall |
| 12:56 | Build | Stone Wall |
| 12:59 | Build | Stone Wall |
| 13:02 | Build | Stone Wall |
| 13:03 | Build | Stone Wall |
| 13:07 | Queue | Villager (Male) |
| 13:31 | Queue | Villager (Male) |
| 13:31 | Queue | Villager (Male) |
| 14:22 | Build | Town Center |
| 15:06 | Build | Palisade Wall |
| 15:08 | Build | Palisade Wall |
| 15:10 | Build | House |
| 15:15 | Build | House |
| 15:17 | Build | House |
| 15:20 | Build | Palisade Wall |
| 15:21 | Queue | Villager (Male) |
| 15:21 | Queue | Villager (Male) |
| 15:22 | Queue | Villager (Male) |
| 15:24 | Build | Palisade Wall |
| 15:27 | Build | Palisade Wall |
| 15:28 | Build | Palisade Wall |
| 15:30 | Build | Palisade Wall |
| 15:33 | Build | Palisade Wall |
| 15:36 | Build | Palisade Wall |
| 15:38 | Build | Palisade Wall |
| 15:39 | Build | Palisade Wall |
| 15:41 | Build | Palisade Wall |
| 15:43 | Build | Palisade Wall |
| 15:44 | Build | Palisade Wall |
| 15:46 | Build | Palisade Wall |
| 15:48 | Build | Palisade Wall |
| 15:50 | Build | Palisade Wall |
Build order — NoLamePlease
60 actions detected in the replay
| 0:02 | Queue | Villager (Male) |
| 0:02 | Queue | Villager (Male) |
| 0:02 | Queue | Villager (Male) |
| 0:02 | Queue | Villager (Male) |
| 0:03 | Build | House |
| 0:05 | Build | House |
| 0:15 | Queue | Villager (Male) |
| 0:15 | Queue | Villager (Male) |
| 1:21 | Queue | Villager (Male) |
| 1:54 | Queue | Villager (Male) |
| 1:55 | Queue | Villager (Male) |
| 2:18 | Build | Lumber Camp |
| 2:50 | Queue | Villager (Male) |
| 2:50 | Queue | Villager (Male) |
| 3:21 | Build | House |
| 3:35 | Build | House |
| 3:59 | Queue | Villager (Male) |
| 3:59 | Queue | Villager (Male) |
| 4:02 | Queue | Villager (Male) |
| 4:02 | Queue | Villager (Male) |
| 5:23 | Research | Loom |
| 5:40 | Queue | Villager (Male) |
| 5:41 | Queue | Villager (Male) |
| 5:41 | Queue | Villager (Male) |
| 6:52 | Queue | Villager (Male) |
| 6:52 | Queue | Villager (Male) |
| 6:53 | Queue | Villager (Male) |
| 6:55 | Build | Mill |
| 7:08 | Build | House |
| 7:43 | Build | Town Center |
| 8:19 | Build | Town Center |
| 8:41 | Build | Town Center |
| 10:14 | Queue | Villager (Male) |
| 10:15 | Queue | Villager (Male) |
| 10:15 | Queue | Villager (Male) |
| 10:15 | Queue | Villager (Male) |
| 10:16 | Queue | Villager (Male) |
| 10:17 | Queue | Villager (Male) |
| 10:32 | Queue | Villager (Male) |
| 10:32 | Queue | Villager (Male) |
| 10:49 | Build | House |
| 11:16 | Queue | Villager (Male) |
| 11:59 | Queue | Villager (Male) |
| 11:59 | Queue | Villager (Male) |
| 12:43 | Queue | Villager (Male) |
| 12:52 | Build | House |
| 14:15 | Build | Palisade Wall |
| 14:21 | Build | Palisade Wall |
| 14:22 | Build | Palisade Wall |
| 14:23 | Build | Palisade Wall |
| 14:23 | Build | Palisade Wall |
| 14:24 | Build | Palisade Wall |
| 14:29 | Build | Palisade Wall |
| 14:36 | Build | Palisade Wall |
| 14:38 | Build | Palisade Wall |
| 14:54 | Queue | Villager (Male) |
| 15:42 | Queue | Villager (Male) |
| 15:42 | Queue | Villager (Male) |
| 15:42 | Queue | Villager (Male) |
| 16:10 | Build | Town Center |
Match timeline
| 7:25 | BatDongSan · wall_segment Palisade Wall x1 |
| 7:29 | BatDongSan · wall_segment Palisade Wall x1 |
| 7:31 | BatDongSan · wall_segment Palisade Wall x2 |
| 7:34 | BatDongSan · wall_segment Palisade Wall x1 |
| 7:35 | BatDongSan · wall_segment Palisade Wall x1 |
| 7:37 | BatDongSan · wall_segment Palisade Wall x1 |
| 7:40 | BatDongSan · wall_segment Palisade Wall x1 |
| 7:43 | BatDongSan · wall_segment Palisade Wall x1 |
| 7:45 | BatDongSan · wall_segment Palisade Wall x1 |
| 7:47 | BatDongSan · wall_segment Palisade Wall x2 |
| 7:49 | BatDongSan · wall_segment Palisade Wall x1 |
| 7:50 | BatDongSan · wall_segment Palisade Wall x1 |
| 7:52 | BatDongSan · wall_segment Palisade Wall x1 |
| 7:54 | BatDongSan · wall_segment Palisade Wall x2 |
| 7:57 | BatDongSan · wall_segment Palisade Wall x1 |
| 8:02 | BatDongSan · wall_segment Palisade Wall x2 |
| 8:04 | BatDongSan · wall_segment Palisade Wall x1 |
| 8:06 | BatDongSan · wall_segment Palisade Wall x1 |
| 8:08 | BatDongSan · wall_segment Palisade Wall x1 |
| 8:20 | BatDongSan · wall_segment Palisade Wall x1 |
| 8:25 | BatDongSan · wall_segment Palisade Wall x1 |
| 8:26 | BatDongSan · wall_segment Palisade Wall x1 |
| 8:27 | BatDongSan · wall_segment Palisade Wall x1 |
| 8:38 | BatDongSan · wall_segment Palisade Wall x2 |
| 8:56 | BatDongSan · age_up feudal |
| 9:15 | BatDongSan · wall_segment Palisade Wall x1 |
| 9:16 | BatDongSan · wall_segment Palisade Wall x1 |
| 9:18 | BatDongSan · wall_segment Palisade Wall x1 |
| 9:20 | BatDongSan · wall_segment Palisade Wall x1 |
| 9:21 | BatDongSan · wall_segment Palisade Wall x1 |
| 9:23 | BatDongSan · wall_segment Palisade Wall x1 |
| 9:25 | BatDongSan · wall_segment Palisade Wall x1 |
| 11:52 | BatDongSan · wall_segment Palisade Wall x1 |
| 12:08 | BatDongSan · wall_segment Palisade Wall x1 |
| 12:56 | BatDongSan · wall_segment Stone Wall x1 |
| 12:59 | BatDongSan · wall_segment Stone Wall x1 |
| 13:02 | BatDongSan · wall_segment Stone Wall x1 |
| 13:03 | BatDongSan · wall_segment Stone Wall x1 |
| 14:15 | NoLamePlease · wall_segment Palisade Wall x1 |
| 14:21 | NoLamePlease · wall_segment Palisade Wall x1 |
| 14:22 | NoLamePlease · wall_segment Palisade Wall x1 |
| 14:23 | NoLamePlease · wall_segment Palisade Wall x1 |
| 14:23 | NoLamePlease · wall_segment Palisade Wall x1 |
| 14:24 | NoLamePlease · wall_segment Palisade Wall x1 |
| 14:29 | NoLamePlease · wall_segment Palisade Wall x1 |
| 14:36 | NoLamePlease · wall_segment Palisade Wall x1 |
| 14:38 | NoLamePlease · wall_segment Palisade Wall x1 |
| 15:06 | BatDongSan · wall_segment Palisade Wall x1 |
| 15:08 | BatDongSan · wall_segment Palisade Wall x1 |
| 15:20 | BatDongSan · wall_segment Palisade Wall x1 |
| 15:24 | BatDongSan · wall_segment Palisade Wall x1 |
| 15:27 | BatDongSan · wall_segment Palisade Wall x1 |
| 15:28 | BatDongSan · wall_segment Palisade Wall x1 |
| 15:30 | BatDongSan · wall_segment Palisade Wall x1 |
| 15:33 | BatDongSan · wall_segment Palisade Wall x1 |
| 15:36 | BatDongSan · wall_segment Palisade Wall x1 |
| 15:38 | BatDongSan · wall_segment Palisade Wall x1 |
| 15:39 | BatDongSan · wall_segment Palisade Wall x1 |
| 15:41 | BatDongSan · wall_segment Palisade Wall x1 |
| 15:43 | BatDongSan · wall_segment Palisade Wall x1 |
| 15:44 | BatDongSan · wall_segment Palisade Wall x1 |
| 15:46 | BatDongSan · wall_segment Palisade Wall x1 |
| 15:48 | BatDongSan · wall_segment Palisade Wall x1 |
| 15:50 | BatDongSan · wall_segment Palisade Wall x1 |
| 16:40 | NoLamePlease · resign |
[ AI ANALYSIS · 1 CREDIT ]
What really happened in this match?
Wolo.gg analyzes every decision: build order, eco, micro, common mistakes by bracket. Personalized analysis on WhatsApp or Discord in 30 seconds.
Civ guide
Dravidians
Perfil
Jugador #3306297